 Dungeon Crawl Stone Soup version 0.25.0-11-g1f837a76a1 (webtiles) character file.

Game seed: 2475575054503872149

665 RaHiT the Chiller (level 7, -4/61 HPs)
             Began as a Grey Draconian Ice Elementalist on June 27, 2020.
             Killed from afar by Dowan (21 damage)
             ... with a shard of ice
             ... on level 7 of the Dungeon.
             The game lasted 00:21:02 (5283 turns).

RaHiT the Chiller (Grey Draconian Ice Elementalist) Turns: 5283, Time: 00:21:03

Health: -4/61      AC: 11    Str: 11    XL:     7   Next: 31%
Magic:  6/14       EV: 13    Int: 17    God:
Gold:   292        SH:  0    Dex: 11    Spells: 7/16 levels left

rFire    . . .     SeeInvis .   l - +0 hand axe (elec)
rCold    . . .     Gourm    .   (no shield)
rNeg     + . .     Faith    .   (armour unavailable)
rPois    .         Spirit   .   (helmet restricted)
rElec    .         Reflect  .   (no cloak)
rCorr    +         Harm     .   (no gloves)
MR       .....                  (no boots)
Stlth    ++........             (no amulet)
HPRegen  0.20/turn              p - ring of resist corrosion
MPRegen  0.14/turn              n - ring of positive energy

@: no status effects
A: walk through water, unfitting armour, unbreathing, cold-blooded, AC +11
a: no special abilities


You were on level 7 of the Dungeon.
You were not hungry.

You visited 1 branch of the dungeon, and saw 5 of its levels.

You collected 292 gold pieces.

Inventory:

Hand Weapons
 l - a +0 hand axe of electrocution (weapon)
Missiles
 h - 18 bolts
 m - a poisoned dart (quivered)
Jewellery
 n - a ring of positive energy (right hand)
 p - a ring of resist corrosion (left hand)
Scrolls
 a - 4 scrolls of remove curse
 f - a scroll of blinking
 j - 2 scrolls of teleportation
 k - 3 scrolls of enchant armour
Potions
 c - 2 potions of resistance {unknown}
 d - 3 potions of curing {unknown}
 e - a potion of lignification {unknown}
 i - a potion of heal wounds {unknown}
 o - 2 potions of haste {unknown}
 q - 2 potions of magic {unknown}
Comestibles
 b - 8 rations


   Skills:
 - Level 5.0 Fighting
 + Level 2.8 Dodging
 - Level 2.0 Stealth
 - Level 5.0 Spellcasting
 - Level 5.0 Ice Magic


You had 7 spell levels left.
You knew the following spells:

 Your Spells              Type           Power        Failure   Level  Hunger
a - Freeze                Ice            ###.         1%          1    None
b - Frozen Ramparts       Ice            ###...       5%          3    ###....
c - Ozocubu's Armour      Chrm/Ice       ##......     16%         3    ###....
d - Blink                 Tloc           N/A          22%         2    #......

Your spell library contained the following spells:

 Spells                   Type           Power        Failure   Level  Hunger
 Magic Dart               Conj           #...         14%         1    None
 Call Imp                 Summ           #.......     22%         2    #......
 Searing Ray              Conj           #.....       22%         2    #......
 Slow                     Hex            #.......     22%         2    #......
 Conjure Flame            Conj/Fire      #.......     38%         3    ###....
 Dazzling Flash           Conj/Hex       #.....       38%         3    ###....
 Mephitic Cloud           Conj/Pois/Air  #.......     38%         3    ###....
 Hailstorm                Conj/Ice       ##......     45%         4    ####...
 Summon Ice Beast         Ice/Summ       ##......     45%         4    ####...
 Fulminant Prism          Conj/Hex       #.........   80%         4    ####...
 Iskenderun's Mystic Bla  Conj/Tloc      #.......     80%         4    ####...


Dungeon Overview and Level Annotations

Branches:
Dungeon (4/15)
 Temple: D:4-7

Altars:
Gozag

Shops:
D:4 *}(

Annotations:
D:7 Dowan


Innate Abilities, Weirdness & Mutations

You can walk through water.
Your dull iron-grey scales are very hard. (AC +11)
You cannot fit into any form of body armour.
You can survive without breathing.
You are cold-blooded and may be slowed by cold attacks.


Message History

Aiming: Freeze (safe; 1% risk of failure)
Press: ? - help, Shift-Dir - straight line, f/p - Dowan
Aim: Dowan, wielding a +0 dagger, wearing a cursed +0 robe and carrying a wand of clouds (2) (heavily wounded, fast)
You freeze Dowan.
Dowan is severely wounded.
You are engulfed in freezing vapours.
Dowan zaps a wand.
Dowan creates a blast of negative energy!
Unknown command.
Casting: Freeze (safe; 1% risk of failure)
Confirm with . or Enter, or press ? or * to list all spells.
Aiming: Freeze (safe; 1% risk of failure)
Press: ? - help, Shift-Dir - straight line, f/p - Dowan
Aim: Dowan, wielding a +0 dagger, wearing a cursed +0 robe and carrying a wand of clouds (1) (severely wounded, fast)
You freeze Dowan!
Dowan is almost dead.
You are engulfed in freezing vapours.
* * * LOW HITPOINT WARNING * * *
Dowan points at you and mumbles some strange words.
The shard of ice hits you!!
You die...

######..## #.....
#...###### #...#
#........# ##..#
###.e.e....## #...#
e.##...#...##..# ##...#
......###..##(.####...##
.....## ##..##..##...##
.....# #..###e§§§..#
####.. ##..###@§§§## #..
#...########### ####
##$#
#.............######...
.#
#.#....................
##
##########...#######...
##### ####


You could see Dowan (fast).

Vanquished Creatures
  Sigmund (D:4)
  Duvessa (D:7)
  2 hounds (D:4)
  An orc priest (D:4)
  2 orc wizards
  Robin (D:4)
  A gnoll (D:1)
  14 adders
  An ooze (D:1)
  2 worms
  A dart slug (D:4)
  4 leopard geckos
  12 orcs
  2 ball pythons (D:3)
  10 bats
  6 giant cockroaches
  12 goblins
  15 hobgoblins
  2 quokkas
  6 frilled lizards
  5 kobolds
  3 rats
104 creatures vanquished.

Notes
Turn   | Place    | Note
-------+----------+-------------------------------------------
     0 | D:1      | RaHiT the Draconian Ice Elementalist began the quest for
                  | the Orb.
     0 | D:1      | Reached XP level 1. HP: 14/14 MP: 3/3
    98 | D:1      | Reached XP level 2. HP: 2/20 MP: 0/5
  1010 | D:1      | Reached XP level 3. HP: 27/27 MP: 5/7
  1018 | D:1      | Learned a level 3 spell: Frozen Ramparts
  1022 | D:1      | Learned a level 3 spell: Ozocubu's Armour
  1305 | D:1      | Reached skill level 1 in Fighting
  2313 | D:2      | Reached XP level 4. HP: 36/36 MP: 6/9
  2765 | D:3      | Learned a level 2 spell: Blink
  2909 | D:3      | Reached XP level 5. HP: 30/41 MP: 2/11
  3434 | D:3      | Reached skill level 5 in Ice Magic
  3882 | D:4      | Found an opulent altar of Gozag.
  3918 | D:4      | Found Gozag's Platinum Reserve.
  3982 | D:4      | Found Yckasan's Weapon Boutique.
  3993 | D:4      | Noticed Sigmund
  4021 | D:4      | Killed Sigmund
  4021 | D:4      | Reached XP level 6. HP: 7/52 MP: 6/12
  4285 | D:4      | Noticed Robin
  4295 | D:4      | Killed Robin
  4820 | D:4      | Found Gejy's Gadget Boutique.
  4871 | D:4      | HP: 1/53 [orc priest/divine providence (15)]
  4871 | D:4      | Reached skill level 5 in Spellcasting
  4871 | D:4      | Your scales start taking on a dull iron-grey colour.
  4871 | D:4      | Reached XP level 7. HP: 2/60 MP: 2/14
  4871 | D:4      | Gained mutation: You can survive without breathing. [Grey
                  | Draconian growth]
  5168 | D:4      | You fall into a shaft and drop 3 floors!
  5183 | D:7      | Noticed Duvessa
  5256 | D:7      | Noticed Dowan
  5278 | D:7      | Killed Duvessa
  5278 | D:7      | Reached skill level 5 in Fighting
  5283 | D:7      | Killed from afar by Dowan

Illustrated notes

Levels and vault maps discovered:
D:1:      heliophobic_arrival_glass_houses, layout_basic
D:2:      layout_loops_corners, first_ration, minmay_goblin_kobold_house
D:3:      minmay_chambers_of_twos, layout_rooms
D:4:      layout_loops_corners, serial_shops, shop_fountains,
          nicolae_shop_crystal, nicolae_shop_behind_doors,
          nicolae_gozag_zags_fifth_avenue, uniq_robin, uniq_sigmund
D:7:      layout_layer_cave, basic_altar, serial_shops, shop_fountains,
          kennysheep_small_spiral, uniq_duvessa

Skill      XL: |  1  2  3  4  5  6  7 |
---------------+----------------------+-----
Dodging        | 2 |  2.8
Stealth        | 2 |  2.0
Spellcasting   | 3 4 5 |  5.0
Fighting       | 1 2 3 4 5 |  5.0
Ice Magic      | 5 |  5.0

Action                   |  1- 3 |  4- 6 |  7- 9 || total
-------------------------+-------+-------+-------++-------
Melee: Unarmed           |    18 |       |       ||    18
       Hand axe          |       |    94 |       ||    94
       Tailslap          |       |    10 |       ||    10
Throw: Dart              |       |    16 |     1 ||    17
 Cast: Freeze            |    63 |    41 |     7 ||   111
       Frozen Ramparts   |       |    11 |     1 ||    12
  Use: Scroll            |       |     4 |       ||     4
 Stab: Distracted        |       |     1 |       ||     1
  Eat: Chunk             |     4 |     9 |     1 ||    14
       Ration            |       |       |     1 ||     1
Armor: Skin              |    20 |    44 |     3 ||    67
Dodge: Dodged            |    38 |    84 |     2 ||   124
